[Event "*** Titled Tuesday 3|2 Blitz (Early)"]
[Site "Chess.com"]
[Date "2016.11.01"]
[Round "5"]
[White "GianmarcoVaR"]
[Black "RodinMihail"]
[Result "1/2-1/2"]
[WhiteElo "2420"]
[BlackElo "2438"]
[TimeControl "180+2"]
[EndTime "12:06:55 PDT"]
[Termination "Game drawn by repetition"]

1. d4 d5 2. Nf3 Nf6 3. c4 e6 4.
g3 c6 5. Bg2 Nbd7 6. Nc3 Bd6 7.
O-O dxc4 8. a4 a5 9. Bg5 h6 10. Bxf6 Nxf6 11. e4 Bb4 12. Qe2 O-O 13. e5 Nd5 14.
Qxc4 Bxc3 15. bxc3 b5 16. Qc5 b4 17. cxb4 Nxb4 18.
Nd2 Ba6 19. Nc4 Nd3 20. Qxc6 Qxd4 21. Qd6 Qxc4 22. Bxa8 Rxa8 23. Rab1 Qxa4 24. Rb6 Qc4 25. Rc6 Qd5 26. Rxa6 Rxa6 27. Qxa6 Nxe5 28. Qc8+ Kh7 29. Qc2+ g6 30. Rd1 Nf3+ 31. Kf1 Nxh2+ 32. Kg1 Nf3+ 33.
Kf1 Qh5 34. Kg2 Ng5 35. Qd3 a4 36. Rh1 Qg4 37. Rh4 Qf5 38. Qxf5 gxf5 39. Rxa4 e5 40. Ra6 Kg7 41. f4 exf4 42. gxf4 Ne6 43. Kg3 Kg6 44.
Rb6 h5 45. Ra6 Kh6 46. Rb6 Kg6 47. Rb5 Kf6 48. Rb8 Ng7 49. Rh8 Kg6 50. Kh4 Ne6 51. Rg8+ Ng7 52. Ra8 Ne6 53. Rg8+ Ng7 54. Rh8 Ne6 55.
Rxh5 Nxf4 56. Rh8 Kf6 57. Kg3 Ng6 58. Ra8 Kg5 59. Ra5 f6 60. Rb5 Ne5 61. Rb4 Nd3 62.
Rd4 f4+ 63. Kf3 Ne5+ 64. Kf2 Kg4 65. Rd8 Kf5 66. Ra8 Kg4 67. Rg8+ Kf5 68. Ra8 Nd3+ 69.
Kf3 Ne5+ 70. Kf2 Ke4 71. Ra4+ Kf5 72. Ra8 Ng4+ 73. Kf3 Ne5+ 74. Kf2 1/2-1/2

[Event "*** Titled Tuesday 3|2 Blitz (Early)"]
[Site "Chess.com"]
[Date "2016.11.01"]
[Round "5"]
[White "uzbektiger95"]
[Black "VMikhalevski"]
[Result "1/2-1/2"]
[WhiteElo "2619"]
[BlackElo "2515"]
[TimeControl "180+2"]
[EndTime "12:08:56 PDT"]
[Termination "Game drawn - insufficient material"]

1. c4 e5 2. Nc3 Bb4 3. Nd5 Bc5 4.
e3 c6 5. Nc3 Qe7 6. g3 Nf6 7.
Bg2 O-O 8. Nge2 d5 9. cxd5 cxd5 10. d4 exd4 11. exd4 Bb4 12. O-O Bg4 13. Qd3 Bxe2 14.
Nxe2 h6 15. a3 Ba5 16. Nf4 Rd8 17. Be3 Nc6 18. b4 Bb6 19. Rfe1 Qd7 20. Rac1 Re8 21. Red1 Qd6 22. Qf5 Rad8 23. h4 Qd7 24. Qb1 Qd6 25. Qf5 Qd7 26. Qxd7 Rxd7 27. Bf3 Ne7 28. g4 Nc6 29.
Kg2 Kf8 30. Be2 Rd6 31. Kf3 Ne4 32. Bb5 Rf6 33. Kg2 Rd8 34. Ne2 Rg6 35. f3 Nd6 36. Nf4 Nxb5 37. Nxg6+ fxg6 38. a4 Bxd4 39. axb5 Bxe3 40.
Rc3 Bd4 41. Rcd3 Bf6 42. bxc6 bxc6 43. Ra3 Rd7 44. Ra6 Bxh4 45. Rxc6 Bf6 46. b5 d4 47. Rd3 Rd5 48. Rc8+ Ke7 49. Rb8 Kd6 50. Rb7 Kc5 51. Rxa7 Kc4 52. Rd1 Rxb5 53. Rc7+ Kd5 54. Rd7+ Ke6 55. R7xd4 Bxd4 56. Rxd4 Rb2+ 57. Kg3 Ke5 58.
Re4+ Kf6 59. Rf4+ Ke6 60. Re4+ Kf6 61. Rf4+ Ke7 62. Re4+ Kf7 63. Rf4+ Kg8 64. Ra4 g5 65. Ra7 Rb6 66. Ra5 Kh7 67. Rc5 Kg6 68. Rd5 Kf6 69.
Rf5+ Ke6 70. Ra5 Rd6 71. Rb5 Kf6 72. Rf5+ Ke6 73. Ra5 g6 74. Rb5 Kf6 75. Rb3 h5 76. gxh5 gxh5 77. f4 g4 78. Kh4 Rd5 79. Ra3 Rf5 80.
Ra6+ Ke7 81. Rb6 Kf7 82. Ra6 Kg7 83. Rb6 Kf7 84. Ra6 Rxf4 85. Kxh5 g3 86. Ra3 g2 87.
Rg3 Rf2 88. Kg4 Rf6 89. Rxg2 Rg6+ 90. Kh3 Rxg2 91. Kxg2 1/2-1/2

[Event "*** Titled Tuesday 3|2 Blitz (Early)"]
[Site "Chess.com"]
[Date "2016.11.01"]
[Round "5"]
[White "VSERGUEI"]
[Black "Blitzstream"]
[Result "1-0"]
[WhiteElo "2580"]
[BlackElo "2536"]
[TimeControl "180+2"]
[EndTime "12:09:11 PDT"]
[Termination "VSERGUEI won by checkmate"]

1. d4 Nf6 2. c4 d6 3. Nc3 e5 4. Nf3 Nc6 5. d5 Ne7 6. e4 Ng6 7. g3 Be7 8. Bg2 h5 9. h4 Bg4 10. Qa4+ Qd7 11. Qxd7+ Nxd7 12. Nd2 Nc5 13. Bf1 Bd7 14.
b4 Na4 15. Nxa4 Bxa4 16. Nb1 Bd7 17. Bd3 a5 18. b5 c6 19. dxc6 bxc6 20. a4 O-O 21. Nc3 Bd8 22. Be3 Ne7 23. O-O f5 24.
exf5 Nxf5 25. Bxf5 Rxf5 26. Rfd1 Be7 27. c5 d5 28. bxc6 Bxc6 29. Nxd5 Bf8 30. Nb6 Re8 31. Nc4 Bf3 32. Rd2 Rf6 33. Nxa5 Rb8 34. Nc4 Ra6 35. a5 Rb4 36. Rc1 Rb5 37. Nxe5 Be4 38. Rd4 Ba8 39. Rd8 Rbxa5 40. Nd7 Ra1 41. Rxf8+ Kh7 42. Rxa8 Rxc1+ 43. Bxc1 Rxa8 44. Be3 Rc8 45. Ne5 Kg8 46. Kg2 Kf8 47.
Kf3 Ke7 48. Ke4 Ke6 49. Nd3 Ra8 50. Nf4+ Kd7 51. Nxh5 g6 52. Nf4 Ra4+ 53. Kf3 Ra6 54. Kg4 Ke7 55. Kg5 Kf7 56. Nd3 Re6 57. c6 Kg7 58. c7 Rc6 59. Bf4 Kh7 60. Kg4 Rc4 61. Kf3 Kg7 62. Ke3 Kf6 63. Ne1 Ke6 64. Nf3 Rc3+ 65.
Ke2 Kd7 66. Ne5+ Kxc7 67. Nxg6+ Kd7 68. Ne5+ Ke6 69. Nf3 Kf5 70. Nd2 Kg4 71. Be3 Ra3 72.
Bc5 Rc3 73. Bd4 Ra3 74. Be3 Rc3 75. Kf1 Kh3 76. h5 Kg4 77. h6 Rc7 78. Kg2 Rd7 79. Nf3 Rd8 80. Nh2+ Kf5 81. g4+ Kg6 82. g5 Rd7 83.
Nf3 Kf5 84. Kg3 Kg6 85. Ne5+ Kh5 86. Nxd7 Kg6 87. Ne5+ Kh7 88. Nf3 Kg8 89. Ne1 Kh7 90. Nc2 Kg8 91. Nb4 Kh7 92. Nd3 Kg8 93. Nb2 Kh7 94. Na4 Kg8 95. f3 Kh7 96. Nb2 Kg8 97. Nd1 Kh7 98. Nf2 Kg8 99. Nh3 Kh7 100. Bf2 Kg8 101. f4 Kh7 102. Kf3 Kg8 103. Kg2 Kh7 104. Kf1 Kg6 105. Ke2 Kh7 106. Kd3 Kg6 107. Kc4 Kh7 108. Kc3 Kg6 109. Kd3 Kh7 110. Ng1 Kg6 111. Ne2 Kh7 112. Ke3 Kg6 113. Kf3 Kh7 114. Kg4 Kg6 115. f5+ Kh7 116. Kh5 Kh8 117. g6 Kg8 118. h7+ Kh8 119. Bd4# 1-0

[Event "*** Titled Tuesday 3|2 Blitz (Early)"]
[Site "Chess.com"]
[Date "2016.11.01"]
[Round "5"]
[White "Anton_Demchenko"]
[Black "petrpalachev"]
[Result "1/2-1/2"]
[WhiteElo "2618"]
[BlackElo "2423"]
[TimeControl "180+2"]
[EndTime "12:09:39 PDT"]
[Termination "Game drawn - insufficient material"]

1. e4 c6 2. d4 d5 3. e5 Bf5 4. Nf3 e6 5. Be2 Nd7 6. O-O h6 7. c3 Ne7 8. Na3 a6 9. Nc2 Nc8 10. Nce1 Be7 11. Bd3 Bxd3 12. Nxd3 O-O 13. Be3 b6 14. Nf4 Na7 15. Qd2 Re8 16. Nh5 Bf8 17.
Rae1 c5 18. h3 Nc6 19. a3 Rc8 20. Nh2 cxd4 21. cxd4 Na5 22. Qe2 b5 23. Qg4 Kh7 24. Qf3 f5 25. exf6 Nxf6 26. Nxf6+ Qxf6 27. Qd1 Nc4 28. Ng4 Qf5 29. Bc1 Bd6 30. a4 h5 31. Ne3 Nxe3 32.
Rxe3 Bf4 33. Rc3 Rxc3 34. bxc3 Bxc1 35. Qxc1 bxa4 36. Qd1 Rc8 37. Qxa4 Rxc3 38. Qxa6 Rc4 39. Qa7 Qf6 40. Qd7 Rxd4 41. Re1 Rd2 42. Rf1 Re2 43. Qe8 Qf5 44. Qd7 Rd2 45. Qc7 d4 46. Qc1 Re2 47. Qc4 d3 48. g4 hxg4 49. hxg4 Qd5 50. Qxd5 exd5 51. Rd1 d2 52. Kg2 Re4 53. Kf3 Rd4 54. Ke3 Rxg4 55. Rxd2 Rg5 56. Kf4 Kg6 57. Ra2 Rf5+ 58. Ke3 Kf6 59. Ra6+ Ke5 60. Ra7 d4+ 61. Ke2 g5 62. Rd7 Ke4 63. Rd8 Re5 64. Rd7 Rd5 65.
Re7+ Kf4 66. Rf7+ Rf5 67. Rd7 Re5+ 68. Kf1 Re4 69. Kg2 g4 70. Rd5 Re5 71. Rxd4+ Re4 72.
Rd8 Re5 73. Rf8+ Rf5 74. Ra8 Re5 75. Ra6 Rf5 76. Ra4+ Kg5 77. Rb4 Re5 78. Kg3 Rc5 79.
Rxg4+ Kf6 80. Rh4 Kg6 81. f3 Ra5 82. Rg4+ Kf6 83. Rb4 Rc5 84. Rb8 Ra5 85. Rf8+ Kg7 86. Rf4 Kg6 87. Kg4 Rb5 88. Rc4 Ra5 89. Kf4 Kf6 90.
Rc6+ Kf7 91. Ke4 Ra4+ 92. Ke3 Ra3+ 93. Kf4 Ra4+ 94. Kg3 Rb4 95. Rd6 Rc4 96. f4 Ra4 97. Kg4 Ra5 98. Rd4 Kf6 99. Rb4 Rc5 100. Rb6+ Kf7 101.
f5 Rc1 102. Rb7+ Kf6 103. Rb6+ Kf7 104. Rb5 Kf6 105. Ra5 Rg1+ 106. Kf4 Rf1+ 107. Ke4 Re1+ 108. Kf3 Rf1+ 109. Ke3 Rxf5 110. Rxf5+ Kxf5 1/2-1/2

[Event "*** Titled Tuesday 3|2 Blitz (Early)"]
[Site "Chess.com"]
[Date "2016.11.01"]
[Round "6"]
[White "LuckyTiger"]
[Black "Keaton87"]
[Result "0-1"]
[WhiteElo "2561"]
[BlackElo "2452"]
[TimeControl "180+2"]
[EndTime "12:13:21 PDT"]
[Termination "Keaton87 won by resignation"]

1. e4 c5 2. c3 Nf6 3. e5 Nd5 4.
Nf3 Nc6 5. Bc4 Nb6 6. Bb3 c4 7.
Bc2 d5 8. exd6 Bg4 9. O-O e6 10. Qe2 Bxd6 11. b3 Ne5 12. bxc4 Nxf3+ 13. gxf3 Bh3 14.
d4 Qh4 15. Qe4 Qh5 16. Re1 Bxh2+ 0-1

[Event "*** Titled Tuesday 3|2 Blitz (Early)"]
[Site "Chess.com"]
[Date "2016.11.01"]
[Round "6"]
[White "ZapataCharlesS"]
[Black "maciek_92"]
[Result "1/2-1/2"]
[WhiteElo "2626"]
[BlackElo "2551"]
[TimeControl "180+2"]
[EndTime "12:14:08 PDT"]
[Termination "Game drawn by repetition"]

1. e4 c5 2. Nf3 e6 3. c3 Nf6 4.
e5 Nd5 5. d4 cxd4 6. cxd4 Nc6 7. Nc3 d6 8. Bc4 Nxc3 9. bxc3 dxe5 10. O-O exd4 11. cxd4 Be7 12. Bb2 O-O 13. Re1 Nb4 14. Ne5 Nd5 15. Qf3 Bd7 16. Bxd5 exd5 17. Qxd5 Be6 18. Qxb7 Rb8 19. Qxa7 Ra8 20. Qb7 Rb8 21.
Qa7 Ra8 22. Qb7 Rb8 23. Qa7 1/2-1/2

[Event "*** Titled Tuesday 3|2 Blitz (Early)"]
[Site "Chess.com"]
[Date "2016.11.01"]
[Round "6"]
[White "popov_m"]
[Black "Iwannabetheguy"]
[Result "1-0"]
[WhiteElo "2251"]
[BlackElo "2031"]
[TimeControl "180+2"]
[EndTime "12:14:24 PDT"]
[Termination "popov_m won by resignation"]

1. c4 c5 2. g3 Nc6 3. Bg2 g6 4.
Nc3 Bg7 5. Nf3 d6 6. a3 a5 7. O-O h5 8. h3 Be6 9. d3 Qc8 10. Kh2 Nf6 11. Bg5 O-O 12. e4 Nd7 13. Qd2 Re8 14. Bh6 Bh8 15. Ng5 Nf8 16. Nxe6 Nxe6 17.
Nd5 Rb8 18. f4 Ned4 19. f5 Nb3 20. Qg5 Bf6 21. Nxf6+ exf6 22. Qxf6 1-0

[Event "*** Titled Tuesday 3|2 Blitz (Early)"]
[Site "Chess.com"]
[Date "2016.11.01"]
[Round "6"]
[White "Fandorine"]
[Black "IMJonathanCarlstedt"]
[Result "1-0"]
[WhiteElo "2639"]
[BlackElo "2458"]
[TimeControl "180+2"]
[EndTime "12:15:13 PDT"]
[Termination "Fandorine won by resignation"]

1. Nf3 d5 2. g3 c5 3. Bg2 e6 4. O-O Nf6 5. d3 Nc6 6. Nbd2 Be7 7. e4 O-O 8. Re1 b5 9. a4 b4 10. exd5 exd5 11. d4 c4 12. Ne5 Na5 13. Ndxc4 Nxc4 14. Nc6 Bg4 15. f3 Be6 16. Nxd8 Bxd8 17.
b3 Nd6 18. a5 Nb5 19. Bd2 Nc3 20. Bxc3 bxc3 21. Re3 Rc8 22. Qe1 Be7 23. Rxc3 Rb8 24.
Rc7 Bb4 25. c3 Bd6 26. Rc6 Rfd8 27. b4 Bf8 28. Rc7 a6 29. Bf1 g5 30. Bxa6 g4 31.
Be2 gxf3 32. Bxf3 Ne4 33. Bxe4 dxe4 34. Qxe4 Bd5 35. Qg4+ Kh8 36. Rf1 Bd6 37. Rfxf7 1-0

[Event "*** Titled Tuesday 3|2 Blitz (Early)"]
[Site "Chess.com"]
[Date "2016.11.01"]
[Round "6"]
[White "Smirnov_Pavel"]
[Black "Alexander_Moskalenko"]
[Result "1-0"]
[WhiteElo "2546"]
[BlackElo "2684"]
[TimeControl "180+2"]
[EndTime "12:15:13 PDT"]
[Termination "Smirnov_Pavel won by resignation"]

1. d4 d5 2. c4 e6 3. Nf3 a6 4.
cxd5 exd5 5. Nc3 c6 6. Bf4 Bd6 7. Bxd6 Qxd6 8. e4 dxe4 9. Nxe4 Qb4+ 10. Qd2 Qxd2+ 11. Kxd2 Ke7 12. Bc4 Nf6 13. Rhe1 h6 14. Neg5+ Be6 15. Nxf7 Kxf7 16. Rxe6 Nbd7 17. Rae1 Rhd8 18.
Re7+ Kg6 19. Bd3+ Kh5 20. Rxg7 Rg8 21. g4+ 1-0

[Event "*** Titled Tuesday 3|2 Blitz (Early)"]
[Site "Chess.com"]
[Date "2016.11.01"]
[Round "6"]
[White "Genghis_K"]
[Black "BillieKimbah"]
[Result "1/2-1/2"]
[WhiteElo "2660"]
[BlackElo "2605"]
[TimeControl "180+2"]
[EndTime "12:15:34 PDT"]
[Termination "Game drawn by agreement"]

1. e4 e5 2. Nf3 Nc6 3. Bb5 a6 4. Ba4 Nf6 5. O-O Be7 6. Re1 b5 7. Bb3 O-O 8. c3 d5 9. exd5 Nxd5 10. Nxe5 Nxe5 11. Rxe5 c6 12. d3 Bd6 13. Re1 Bf5 14.
Qf3 Re8 15. Rxe8+ Qxe8 16. Nd2 Qe1+ 17. Nf1 Bg6 18. g3 b4 19. c4 Nf6 20. Qxc6 Rd8 21. Qb6 Rd7 22. Bc2 Ng4 23. Rb1 Qe2 24. Bd2 Ne5 25. Qe3 Qh5 26. Bd1 Qf5 27. Be2 f6 28. b3 Bc5 29. Qf4 Qxf4 30. Bxf4 Nxd3 31. Bxd3 Rxd3 32.
Re1 Bd4 33. Kg2 Kf7 34. Re2 Rd1 35. Rd2 Rxd2 36. Nxd2 Bc3 37. Kf3 Bxd2 38. Bxd2 Bb1 39. Bxb4 Bxa2 1/2-1/2

[Event "*** Titled Tuesday 3|2 Blitz (Early)"]
[Site "Chess.com"]
[Date "2016.11.01"]
[Round "6"]
[White "saraswathii"]
[Black "micfel"]
[Result "1-0"]
[WhiteElo "2176"]
[BlackElo "2255"]
[TimeControl "180+2"]
[EndTime "12:16:00 PDT"]
[Termination "saraswathii won by resignation"]

1. e4 c5 2. Nf3 Nc6 3. d3 e6 4.
g3 Nf6 5. Bg2 d5 6. Nbd2 Be7 7.
O-O O-O 8. Qe2 Re8 9. e5 Nd7 10. c3 f6 11. d4 cxd4 12. cxd4 fxe5 13. dxe5 Qc7 14. Re1 Nb4 15. Nd4 Nc5 16. N2b3 Ncd3 17. Rd1 Qxe5 18. Be3 Nc5 19. Nxc5 Bxc5 20. Qb5 Nc6 21.
Nxc6 bxc6 22. Qxc6 Bd7 23. Qxc5 Qxb2 24. Bd4 Qb7 25.
Qd6 Qc6 26. Qe5 Re7 27. Rac1 Qa6 28. Bxd5 Rae8 29. Bc4 Qa4 30. Bb3 Qa6 31. Rc7 h6 32.
Bc5 Rf7 33. Rdxd7 1-0

[Event "*** Titled Tuesday 3|2 Blitz (Early)"]
[Site "Chess.com"]
[Date "2016.11.01"]
[Round "6"]
[White "Tash_Boy"]
[Black "Cayse"]
[Result "1-0"]
[WhiteElo "2482"]
[BlackElo "2572"]
[TimeControl "180+2"]
[EndTime "12:16:09 PDT"]
[Termination "Tash_Boy won by resignation"]

1. e4 e6 2. d3 d5 3. Nd2 Ne7 4. Ngf3 g6 5. g3 Bg7 6. Bg2 O-O 7. O-O c5 8. Re1 Nbc6 9. e5 Qc7 10. Qe2 b5 11. h4 a5 12. Nf1 Bd7 13. N1h2 Nf5 14. c3 Qd8 15. Ng4 h5 16. Ngh2 f6 17. exf6 Bxf6 18. Bf4 Qe7 19. Ne5 Nxe5 20. Bxe5 b4 21.
Nf3 Rfd8 22. Bxf6 Qxf6 23. Ne5 Be8 24. Bh3 Rab8 25. Bxf5 exf5 26. d4 c4 27. Qf3 Kg7 28.
Qf4 Rb7 29. Nf3 Bf7 30. Re5 bxc3 31. bxc3 Rb2 32. Rae1 Rd7 33. Ng5 Rxa2 34. Re6 Bxe6 35. Rxe6 Qf8 36. Qe5+ Kh6 37. Re8 1-0

[Event "*** Titled Tuesday 3|2 Blitz (Early)"]
[Site "Chess.com"]
[Date "2016.11.01"]
[Round "6"]
[White "Holden-Caulfield"]
[Black "AkshatChandra"]
[Result "0-1"]
[WhiteElo "2475"]
[BlackElo "2591"]
[TimeControl "180+2"]
[EndTime "12:16:15 PDT"]
[Termination "AkshatChandra won by resignation"]

1. d4 Nf6 2. Nf3 e6 3. Bg5 h6 4. Bh4 c5 5. c3 b6 6. e3 Bb7 7. Nbd2 Be7 8. Bd3 g5 9. Bg3 g4 10. Ne5 h5 11. e4 cxd4 12. cxd4 d6 13. Nec4 d5 14. exd5 Bxd5 15. Ne3 Bb7 16. Bxb8 Rxb8 17.
Qa4+ Kf8 18. Qxa7 Kg7 19. Qa4 Ra8 20. Qb3 Qxd4 21. Rd1 Nd5 22. Ndc4 Nxe3 23. Nxe3 Qb4+ 24. Ke2 Qxb3 25. axb3 Ra2 26. Rb1 Bf6 27. Rhd1 Rxb2+ 28. Rxb2 Bxb2 29. Bc4 Bc6 30. Rd6 Rc8 31. Ba6 Rc7 32. Nc4 Bf6 33. f3 gxf3+ 34. gxf3 b5 35. Na5 Bd5 36.
Bxb5 Rc5 37. Rb6 Bd8 0-1

[Event "*** Titled Tuesday 3|2 Blitz (Early)"]
[Site "Chess.com"]
[Date "2016.11.01"]
[Round "6"]
[White "NTBT_DHS"]
[Black "darsen_sanzhaev"]
[Result "1-0"]
[WhiteElo "2495"]
[BlackElo "2315"]
[TimeControl "180+2"]
[EndTime "12:16:23 PDT"]
[Termination "NTBT_DHS won by resignation"]

1. d4 d5 2. c4 c5 3. cxd5 Qxd5 4. Nf3 cxd4 5. Nc3 Qa5 6. Qxd4 Nc6 7. Qf4 e5 8. Qg3 Nf6 9. Nd2 Nb4 10. Kd1 Be6 11.
e3 O-O-O 12. Bb5 Be7 13. Qxe5 Nd3 14. Bd7+ Rxd7 15. Qxa5 Nxf2+ 16. Ke2 Nxh1 17. Nb5 a6 18. Nd4 Rhd8 19. Nxe6 fxe6 20. Nc4 Rd1 21. Qe5 b5 22. Qxe6+ Kb8 23. Qb6+ Kc8 24. Qxa6+ Kc7 25. Qb6+ Kc8 26. Qc6+ Kb8 27. Qxb5+ Kc7 28. Qb6+ Kc8 29. Qe6+ 1-0

[Event "*** Titled Tuesday 3|2 Blitz (Early)"]
[Site "Chess.com"]
[Date "2016.11.01"]
[Round "6"]
[White "PaulfromSPb"]
[Black "Bishops83"]
[Result "1-0"]
[WhiteElo "2421"]
[BlackElo "2255"]
[TimeControl "180+2"]
[EndTime "12:16:43 PDT"]
[Termination "PaulfromSPb won by resignation"]

1. e4 c5 2. Ne2 Nc6 3. Nbc3 g6 4.
d4 cxd4 5. Nxd4 Bg7 6. Be3 Nf6 7.
Be2 O-O 8. O-O d5 9. exd5 Nxd5 10. Nxd5 Nxd4 11. Bxd4 Qxd5 12. Bxg7 Qxd1 13. Raxd1 Kxg7 14. Bf3 Be6 15. b3 Rac8 16. c4 b6 17. Rd4 Rc5 18. Rfd1 Rfc8 19. Kf1 h5 20. h4 a5 21. a4 R8c7 22. Ke2 Ra7 23. Kd3 Kf6 24. Re1 Rcc7 25. Kc3 Kg7 26. Re5 Rd7 27. Rb5 Rxd4 28. Kxd4 Rd7+ 29. Kc3 Rd6 30. c5 bxc5 31. Rxc5 Rb6 32. Rb5 Ra6 33. Bb7 Ra7 34. Rb6 Kf6 35. b4 axb4+ 36.
Kxb4 Ke5 37. a5 Bd5 38. a6 e6 39. Kc5 f5 40. Rb2 Bxg2 41. Kb6 Ra8 42. Bxg2 1-0

[Event "*** Titled Tuesday 3|2 Blitz (Early)"]
[Site "Chess.com"]
[Date "2016.11.01"]
[Round "6"]
[White "Haridaskesavan"]
[Black "Grebeniuk-S"]
[Result "0-1"]
[WhiteElo "2139"]
[BlackElo "2427"]
[TimeControl "180+2"]
[EndTime "12:16:46 PDT"]
[Termination "Grebeniuk-S won by resignation"]

1. a3 g6 2. e3 Bg7 3. g3 f5 4.
Bg2 Nf6 5. d4 O-O 6. Ne2 d6 7.
O-O e5 8. c4 e4 9. b4 c6 10. Bb2 d5 11. Qb3 Be6 12. Nf4 Bf7 13. cxd5 cxd5 14. Nc3 g5 15. Nfe2 Nbd7 16. f3 exf3 17.
Bxf3 Nb6 18. Bg2 Qd7 19. Rae1 Nc4 20. Bc1 Rae8 21. Na4 b6 22. Nb2 Ng4 23. Nxc4 dxc4 24. Qc2 Nxe3 25. Bxe3 Rxe3 26. Rxf5 Rfe8 27. Rf2 Bxd4 28.
Kh1 Rc3 29. Qd1 Rd3 30. Qc1 Bxf2 31. Qxg5+ Bg6 32. Rf1 Rxe2 0-1

[Event "*** Titled Tuesday 3|2 Blitz (Early)"]
[Site "Chess.com"]
[Date "2016.11.01"]
[Round "6"]
[White "TheSovietChess"]
[Black "Jungle_Jaguar"]
[Result "1-0"]
[WhiteElo "2499"]
[BlackElo "2321"]
[TimeControl "180+2"]
[EndTime "12:17:04 PDT"]
[Termination "TheSovietChess won by resignation"]

1. Nf3 d5 2. g3 Nf6 3. Bg2 c5 4.
O-O Nc6 5. c3 e5 6. d4 cxd4 7.
cxd4 e4 8. Ne5 Bd6 9. Nxc6 bxc6 10. Bg5 h6 11. Qc1 Bd7 12. Bxf6 Qxf6 13. e3 O-O 14. Nc3 Rfb8 15. Qd2 Qd8 16. f3 exf3 17. Rxf3 Qa5 18. Raf1 Be6 19. Qc2 Rb7 20. Na4 Rc8 21. a3 c5 22.
dxc5 Bxc5 23. Nxc5 Rxc5 24. Qb1 Rcb5 25. R3f2 Qxa3 26.
bxa3 Rxb1 27. Rxb1 Rxb1+ 28. Rf1 Rb3 29. Rd1 Rxa3 30.
Bxd5 Bxd5 31. Rxd5 Rxe3 32. Ra5 Re7 33. Kg2 Kf8 34.
Kf3 Ke8 35. h4 Kd8 36. g4 Kc8 37. Kf4 Kb7 38. Ra1 Re6 39. g5 hxg5+ 40. hxg5 a6 41. Ra2 f6 42. gxf6 Rxf6+ 43. Ke5 Rf3 44. Rb2+ Ka7 45.
Rg2 Rf7 46. Kd4 Rb7 47. Kc4 a5 48. Rg5 Ka6 49. Rg6+ Ka7 50. Rg5 Rc7+ 51. Kb5 Kb7 52. Rg6 Kc8 53. Kxa5 Kd7 54. Kb6 Rc1 55. Rxg7+ Ke6 56.
Rc7 Kd5 57. Rxc1 1-0

[Event "*** Titled Tuesday 3|2 Blitz (Early)"]
[Site "Chess.com"]
[Date "2016.11.01"]
[Round "6"]
[White "Zaven_ChessMood"]
[Black "howitzer14"]
[Result "1/2-1/2"]
[WhiteElo "2709"]
[BlackElo "2763"]
[TimeControl "180+2"]
[EndTime "12:17:07 PDT"]
[Termination "Game drawn by agreement"]

1. e4 e5 2. Nf3 Nc6 3. Bb5 Nge7 4.
c3 d5 5. Nxe5 dxe4 6. d4 exd3 7.
Nxc6 Nxc6 8. O-O Bf5 9. Qf3 Qd7 10. Re1+ Be7 11. Bg5 f6 12. Bf4 O-O 13. Nd2 Rfe8 14.
Bxc7 Bg6 15. Bg3 Kh8 16. Bc4 Bc5 17. b4 Bb6 18. Qd5 Qg4 19. Qf3 Qd7 20. Qd5 Qg4 21.
Qf3 Qg5 22. Bf4 Qf5 23. Bg3 Qg5 24. Bf4 Qf5 25. Bg3 Rad8 26. Qxf5 Bxf5 27. Rxe8+ Rxe8 28. Kf1 h5 29. Re1 Rc8 30. f3 h4 31. Bxh4 Ne5 32.
Bb3 Rxc3 33. Bf2 Bxf2 34. Kxf2 g5 35. Ke3 Rc7 36. h3 Kg7 37. f4 Nc6 38. fxg5 fxg5 39. Nf3 Kf6 40. a3 a5 41. b5 Ne5 42.
Nd4 a4 43. Ba2 Bh7 1/2-1/2

[Event "*** Titled Tuesday 3|2 Blitz (Early)"]
[Site "Chess.com"]
[Date "2016.11.01"]
[Round "6"]
[White "Dlugy"]
[Black "TomsKantans"]
[Result "1-0"]
[WhiteElo "2584"]
[BlackElo "2469"]
[TimeControl "180+2"]
[EndTime "12:17:11 PDT"]
[Termination "Dlugy won on time"]

1. d4 Nf6 2. Bf4 g6 3. Nc3 d6 4. e4 Bg7 5. Qd2 h6 6. Nf3 Bg4 7. Be2 e6 8. O-O Nbd7 9. e5 dxe5 10. Nxe5 Bxe2 11. Qxe2 O-O 12. h3 c6 13. Nc4 Nd5 14. Bd6 Re8 15. Ne4 b5 16. Ne5 f5 17. Nd2 g5 18. c4 Nf4 19. Qf3 Nxe5 20. dxe5 Ng6 21. Rfe1 Nxe5 22. Bxe5 Qxd2 23. Bxg7 Kxg7 24. Qxc6 Qxb2 25. cxb5 Qf6 26. Rad1 Rab8 27.
Rd7+ Kg6 28. Rxa7 Rbc8 29. Rc7 Rxc7 30. Qxe8+ Kg7 31. Rxe6 1-0

[Event "*** Titled Tuesday 3|2 Blitz (Early)"]
[Site "Chess.com"]
[Date "2016.11.01"]
[Round "6"]
[White "Shivagami"]
[Black "Morshynska"]
[Result "0-1"]
[WhiteElo "2080"]
[BlackElo "2157"]
[TimeControl "180+2"]
[EndTime "12:17:12 PDT"]
[Termination "Morshynska won by checkmate"]

1. d4 Nf6 2. Bf4 e6 3. e3 c5 4. c3 Nc6 5. Nf3 d5 6. Nbd2 Bd6 7. Bg3 Qe7 8. Bd3 O-O 9. O-O e5 10. dxe5 Nxe5 11. Nxe5 Bxe5 12. Nf3 Bxg3 13. hxg3 Bg4 14.
Bc2 Rad8 15. Qd3 g6 16. Nh4 a6 17. f3 Bd7 18. a4 Nh5 19. Kf2 Nxg3 20. Nxg6 fxg6 21. Kxg3 Bf5 22. e4 dxe4 23. Qc4+ Kg7 24. fxe4 Qe5+ 25. Kh4 Qh2+ 26. Kg5 h6# 0-1

[Event "*** Titled Tuesday 3|2 Blitz (Early)"]
[Site "Chess.com"]
[Date "2016.11.01"]
[Round "6"]
[White "Usurpov"]
[Black "chito89"]
[Result "0-1"]
[WhiteElo "2267"]
[BlackElo "2485"]
[TimeControl "180+2"]
[EndTime "12:17:23 PDT"]
[Termination "chito89 won on time"]

1. e4 c5 2. Nf3 e6 3. c3 Nf6 4.
e5 Nd5 5. g3 Nc6 6. Bg2 d6 7.
exd6 Qxd6 8. O-O Be7 9. d4 cxd4 10. Nxd4 Nxd4 11. Qxd4 O-O 12. Nd2 Qc7 13. Qc4 Qxc4 14. Nxc4 Rd8 15. Rd1 Bd7 16. Ne3 Ba4 17. Rd4 Bc6 18.
Nxd5 exd5 19. Be3 b5 20. Rad1 a5 21. Bxd5 Bxd5 22. Rxd5 Rxd5 23. Rxd5 Rb8 24. Rd7 Bf8 25. Ra7 a4 26. a3 f6 27. Kf1 Rd8 28. Ke2 h5 29. Rb7 Rd5 30. Bd4 h4 31. g4 h3 32.
f4 Bd6 33. Kf3 g5 34. f5 Bxh2 35. Bxf6 Bf4 0-1

[Event "*** Titled Tuesday 3|2 Blitz (Early)"]
[Site "Chess.com"]
[Date "2016.11.01"]
[Round "6"]
[White "RitvarsReimanis"]
[Black "YuriyKrykun"]
[Result "1-0"]
[WhiteElo "2400"]
[BlackElo "2291"]
[TimeControl "180+2"]
[EndTime "12:17:24 PDT"]
[Termination "RitvarsReimanis won by resignation"]

1. d4 Nf6 2. c4 g6 3. f3 Nc6 4. d5 Ne5 5. e4 d6 6. Nc3 Bg7 7. Be3 O-O 8. h3 c6 9. f4 Ned7 10. Nf3 Nc5 11. Bd3 cxd5 12. cxd5 Nxd3+ 13. Qxd3 e6 14. dxe6 Bxe6 15. Rd1 d5 16. exd5 Bf5 17. Qd2 Ne4 18. Nxe4 Bxe4 19. O-O Qd7 20. Ne5 Qb5 21. Qd4 f5 22. a4 Qb3 23. Rd2 Rfd8 24. d6 Rxd6 25. Qxd6 Qxe3+ 26. Kh2 Bh6 27. Qe6+ Kh8 28.
Nf7+ Kg7 29. Qe5+ Kf8 30. Rd7 Bg7 31. Qe7+ Kg8 32. Nh6+ Bxh6 33. Qf7+ 1-0

[Event "*** Titled Tuesday 3|2 Blitz (Early)"]
[Site "Chess.com"]
[Date "2016.11.01"]
[Round "6"]
[White "Ginger_GM"]
[Black "Drags95"]
[Result "0-1"]
[WhiteElo "2438"]
[BlackElo "2458"]
[TimeControl "180+2"]
[EndTime "12:18:01 PDT"]
[Termination "Drags95 won by resignation"]

1. d4 Nf6 2. c4 e6 3. Nf3 d5 4. Nc3 Bb4 5. Bg5 h6 6. Bh4 g5 7. Bg3 dxc4 8. e3 b5 9. h4 Ne4 10. Qc2 Nxg3 11. fxg3 Bb7 12. Be2 g4 13. Ne5 Nd7 14. O-O-O Bxc3 15. Qxc3 Qe7 16. Qa5 Nxe5 17. Qxb5+ Nd7 18. Qxb7 O-O 19. Qc6 Qd6 20. Qxc4 Rab8 21. d5 Ne5 22. Qc3 exd5 23. Rd4 c5 24. Rf4 Rfc8 25.
Rhf1 d4 26. Qd2 Qd5 27. Kb1 Rb7 28. e4 Qe6 29. Rf6 Nc4 30. Bxc4 Qxc4 31. Qxh6 Rxb2+ 32. Kxb2 Rb8+ 0-1

[Event "*** Titled Tuesday 3|2 Blitz (Early)"]
[Site "Chess.com"]
[Date "2016.11.01"]
[Round "6"]
[White "Blitzstream"]
[Black "Danirod"]
[Result "0-1"]
[WhiteElo "2527"]
[BlackElo "2488"]
[TimeControl "180+2"]
[EndTime "12:18:03 PDT"]
[Termination "Danirod won by resignation"]

1. d4 Nf6 2. Bg5 d5 3. Bxf6 exf6 4. e3 Bd6 5. c4 dxc4 6. Bxc4 c6 7. Nd2 O-O 8. Ngf3 Nd7 9. O-O f5 10. e4 fxe4 11.
Nxe4 Be7 12. Bb3 Nb6 13. Ne5 Nd5 14. Qf3 Be6 15. Rfe1 a5 16. Nc5 Bxc5 17. dxc5 a4 18. Bc4 Qa5 19. Rac1 Qxc5 20. Bd3 Qb4 21. Qh5 h6 22.
Re4 Qxb2 23. Rce1 Nf6 24. Qh4 Nxe4 25. Qxe4 f5 26. Qh4 Rf6 27. f4 Qxa2 28. h3 Qd5 29.
Re3 a3 30. Rg3 Kh7 31. Qh5 a2 32. Kh2 a1=Q 33. Bc4 Qxc4 34. Nxc4 Bxc4 35. h4 Bf7 36. Qf3 Qe1 37. h5 Ra1 38. Rxg7+ Kxg7 39. Qc3 Qxc3 0-1